 Dungeon Crawl Stone Soup version 0.31-a0-925-g0a390f2509 (webtiles) character file.

Game seed: 257544846629725993

266 hadoken the Trooper (level 6, -1/66 HPs)
             Began as an Ogre Fire Elementalist on Oct 18, 2023.
             Slain by a kobold brigand
             ... wielding a +0 dagger
              (8 damage)
             ... in a sewer.
             The game lasted 00:07:33 (3299 turns).

hadoken the Trooper (Ogre Fire Elementalist)        Turns: 3299, Time: 00:07:34

Health: -1/66      AC:  3    Str: 13    XL:     6   Next: 20%
Magic:  11/13      EV:  9    Int: 18    God:
Gold:   157        SH:  0    Dex:  9    Spells: 9/15 levels left

rFire   . . .        c - +0 short sword
rCold   . . .        d - orb {*Rage}
rNeg    . . .        a - +0 robe
rPois   .            (helmet restricted)
rElec   .            (no cloak)
rCorr   .            (gloves unavailable)
SInv    .            (boots unavailable)
Will    .....        (no amulet)
Stlth   +            (no ring)
HPRegen 0.31/turn    (no ring)
MPRegen 0.13/turn

%: random rage (20%)
@: confused, ambrosia-drunk, on berserk cooldown, slowed, very slow
A: large, unfitting armour, tough skin 1
a: no special abilities


You were in a sewer.
You visited 1 branch of the dungeon, and saw 3 of its levels.
You also visited: Sewer.

You collected 157 gold pieces.

Inventory:

Hand Weapons
 c - a +0 short sword (weapon)
Armour
 a - a +0 robe (worn)
 d - an orb of wrath (worn)
Magical Staves
 k - a staff of poison
Talismans
 f - a talisman of death
Wands
 l - a wand of flame (18)
Scrolls
 g - a scroll of enchant armour {unknown}
 h - 2 scrolls of fog {unknown}
 i - a scroll of noise {unknown}
 m - a scroll of vulnerability {unknown}
 p - a scroll of immolation {unknown}
 q - 2 scrolls of amnesia {unknown}
 r - a scroll of silence {unknown}
 s - a scroll of teleportation
 t - a scroll of fear {unknown}
Potions
 b - a potion of magic
 e - a potion of resistance
 j - 2 potions of curing
 n - a potion of might
 o - a potion of ambrosia


   Skills:
 + Level 5.4 Fighting
 - Level 1.7 Dodging
 - Level 1.4 Stealth
 + Level 5.2 Spellcasting
 - Level 0.8 Conjurations
 - Level 2.6 Fire Magic


You had 9 spell levels left.
You knew the following spells:

 Your Spells              Type           Power      Damage    Failure   Level
a - Foxfire               Conj/Fire      44%        2x1d6     6%          1
b - Scorch                Fire           28%        2d6       7%          2
c - Volatile Blastmotes   Fire/Tloc      18%        2d11      22%         3

Your spell library contained the following spells:

 Spells                   Type           Power      Damage    Failure   Level
 Inner Flame              Hex/Fire       9%         N/A       22%         3
 Stone Arrow              Conj/Erth      12%        3d7       32%         3
 Frozen Ramparts          Ice            8%         1d2       36%         3
 Flame Wave               Conj/Fire      11%        2d6       54%         4
 Animate Armour           Summ/Erth      8%         N/A       78%         4
 Petrify                  Tmut/Erth      4%         N/A       78%         4
 Metabolic Englaciation   Hex/Ice        2%         N/A       98%         5
 Lehudib's Crystal Spear  Conj/Erth      3%         10d2      100%        8


Dungeon Overview and Level Annotations

Branches:
Dungeon (3/15)              Sewer (1/1)

Altars:


Innate Abilities, Weirdness & Mutations

You are too large for most types of armour.
You have tough skin. (AC +1)


Message History

The kobold brigand is moderately wounded.
The ball python barely misses you.
You barely miss the kobold brigand.
The kobold brigand is moderately wounded.
The kobold hits you with a +0 whip.
* * * LOW HITPOINT WARNING * * *
The kobold brigand completely misses you.
You barely miss the kobold brigand.
The kobold brigand is moderately wounded.
The ball python closely misses you.
You closely miss the kobold brigand.
The kobold brigand is moderately wounded.
The ball python completely misses you. The kobold closely misses you.
The kobold brigand hits you with a +0 dagger.
* * * LOW HITPOINT WARNING * * *
You closely miss the kobold brigand.
The kobold brigand is moderately wounded.
The ball python barely misses you. The kobold closely misses you.
The kobold brigand hits you with a +0 dagger!
* * * LOW HITPOINT WARNING * * *
You completely miss the kobold brigand.
The kobold brigand is moderately wounded.
The ball python barely misses you.
You puncture the kobold brigand!
The kobold brigand is severely wounded.
You are no longer berserk.
You are exhausted.
You feel yourself slow down. The kobold hits you with a +0 whip.
* * * LOW HITPOINT WARNING * * *
The kobold brigand hits you with a +0 dagger.
* * * LOW HITPOINT WARNING * * *
The ball python bites you but does no damage.
You are confused.
You feel invigorated. The kobold completely misses you.
The kobold brigand hits you with a +0 dagger.
* * * LOW HITPOINT WARNING * * *
The ball python bites you but does no damage.
The kobold barely misses you.
The kobold brigand hits you with a +0 dagger!
You die...

#..##≈≈≈≈≈~~.
##..##~≈≈≈≈~.
#....#~≈≈≈≈~
##.....≈≈≈≈≈≈
#......~≈≈≈≈≈
#.....~≈≈≈≈≈≈
#....~≈≈≈≈≈≈≈
#..S~≈≈≈≈≈≈≈≈
##@###≈≈≈≈≈≈#
#.K)K.#≈≈≈≈≈≈#
#.....#≈≈≈≈≈≈#
##...##≈≈≈≈≈≈#
)...? ≈≈≈≈≈≈#
#)?#??# ≈≈≈≈
### ### ≈≈≈
≈≈≈


You could see a kobold brigand, a ball python and a kobold.

Vanquished Creatures
  A kobold brigand (Sewer)
  A sleepcap (D:3)
  5 adders
  7 river rats
  An orc (D:3)
  7 bats
  4 endoplasms
  7 hobgoblins
  4 jackals (D:2)
  A quokka (D:1)
  8 ball pythons
  4 frilled lizards (Sewer)
  A goblin (D:1)
  11 kobolds
  16 rats
78 creatures vanquished.

Vanquished Creatures (others)
  20 foxfires
20 creatures vanquished.

Grand Total: 98 creatures vanquished

Notes
Turn   | Place    | Note
-------+----------+-------------------------------------------
     0 | D:1      | hadoken the Ogre Fire Elementalist began the quest for the
                  | Orb.
     0 | D:1      | Reached XP level 1. HP: 16/16 MP: 3/3
     0 | D:1      | Noticed an octopode
     0 | D:1      | Noticed a vine stalker
     3 | D:1      | Noticed a vampire
     3 | D:1      | Noticed a human
     5 | D:1      | Noticed a demigod
     6 | D:1      | Noticed a barachi
     7 | D:1      | Noticed a dwarf
     8 | D:1      | Noticed a draconian
    10 | D:1      | Noticed a tengu
    12 | D:1      | Noticed a ghoul
    14 | D:1      | Noticed a tengu
    16 | D:1      | Noticed a ghoul
    16 | D:1      | Noticed a vampire
    18 | D:1      | Noticed a demonspawn
    18 | D:1      | Noticed a dwarf
   313 | D:1      | Reached skill level 1 in Fighting
   357 | D:1      | Found a faded altar of an unknown god.
   361 | D:1      | Reached XP level 2. HP: 25/27 MP: 1/5
   724 | D:1      | Learned a level 2 spell: Scorch
  1088 | D:2      | Reached XP level 3. HP: 35/35 MP: 2/7
  1172 | D:2      | Learned a level 3 spell: Volatile Blastmotes
  1786 | D:3      | Reached XP level 4. HP: 39/45 MP: 6/9
  2235 | D:3      | Found a glowing drain.
  2256 | Sewer    | Entered a sewer
  2285 | Sewer    | Reached XP level 5. HP: 16/54 MP: 0/11
  2530 | Sewer    | Noticed a kobold brigand
  2539 | Sewer    | Killed a kobold brigand
  2692 | Sewer    | Reached skill level 5 in Fighting
  2692 | Sewer    | Reached skill level 5 in Spellcasting
  2793 | Sewer    | Reached XP level 6. HP: 66/66 MP: 8/13
  3299 | Sewer    | Slain by a kobold brigand

Illustrated notes

Levels and vault maps discovered:
D:1:      shiori_arrival_whats_in_store_for_you, layout_loops_cross,
          chequers_ecumenical_altar_island, hex_tiny
D:2:      layout_basic
D:3:      layout_loops_ring, portal_sewer_entry_c
Sewer:    sewer_minmay_treatment

Skill      XL: |  1  2  3  4  5 |
---------------+----------------+-----
Fighting       | 1 2 3 4 5 |  5.4
Spellcasting   | 3 4 5 |  5.2
Dodging        | |  1.7
Stealth        | |  1.4
Conjurations   | |  0.8
Fire Magic     | |  2.6

Action                     |  1- 3 |  4- 6 || total
---------------------------+-------+-------++-------
  Melee: Short sword       |   100 |   117 ||   217
         Unarmed           |     4 |       ||     4
   Cast: Foxfire           |    10 |     4 ||    14
         Scorch            |     7 |    21 ||    28
         Volatile Blastmot |       |    14 ||    14
    Use: Scroll            |       |     5 ||     5
         Potion            |       |     2 ||     2
   Stab: Sleeping          |     3 |     1 ||     4
 Armour: Robe              |    82 |   107 ||   189
  Dodge: Dodged            |    53 |    73 ||   126

Table legend: (Time is in decaauts)
 A = Elapsed time spent in this place.
 B = Non-inter-level travel time spent in this place.
 C = Inter-level travel time spent in this place.
 D = Time resting spent in this place.
 E = Time spent auto-exploring this place.
 F = Levels seen in this place.
 G = Mean time per level.
                   A        B        C        D        E       F      G
               +--------+--------+--------+--------+--------+-----+--------+
         Total |   3445 |   3397 |     48 |    884 |   1797 |   4 |  861.2 |
       Dungeon |   2368 |   2320 |     48 |    336 |   1593 |   3 |  789.3 |
         Sewer |   1077 |   1077 |      0 |    548 |    204 |   1 | 1077.0 |
               +--------+--------+--------+--------+--------+-----+--------+

Top non-repeatable levels by time:
   Sewer: 1077 daAuts
     D:1: 1025 daAuts
     D:3: 680 daAuts
     D:2: 662 daAuts
